Description

3 base muta - timing Attack

Build Order

Get SALT Encoding   

  13  0:13  Overlord  
  16  0:49  Hatchery  
  18  1:09  Extractor  
  17  1:12  Spawning Pool  
  21  2:00  Queen x2  
  26  2:02  Overlord  
  28  2:15  Metabolic Boost  
  29  2:22  Zergling  
  30  2:34  Hatchery  
  30  2:38  Zergling  
  33  2:50  Baneling Nest  
  32  2:55  Overlord  
  33  3:08  Zergling x2  
  41  3:20  Queen  
  43  3:24  Overlord  
  44  3:30  Evolution Chamber  
  44  3:40  Lair  
  44  3:42  Extractor  
  53  4:00  Overlord  
  53  4:02  Extractor x2  
  53  4:05  Zergling x3  
  58  4:18  Overlord  
  60  4:40  Spire  
Spawning Tool Build Advisor. Get it on Overwolf

Go to:

Details

  • Created by: sergfila    
  • Published on: May 01, 2020
  • Modified on: May 01, 2020
  • Patch: 4.11.0
Show
View Real Time Build Order
Export as new Build Order

Comments (0)

There are no comments. Be the first!

Create an account to comment!